 Dungeon Crawl Stone Soup version 0.29-b1-12-g9e2288ab2a (webtiles) character file.

Game seed: 9853574754707436575

10476 imdaedric the Thaumaturge (level 11, -9/54 HPs)
             Began as a Deep Elf Conjurer on Aug 23, 2022.
             Was a Follower of Vehumet.
             Mangled by a death yak (23 damage)
             ... on level 1 of the Lair of Beasts.
             The game lasted 00:36:11 (13621 turns).

imdaedric the Thaumaturge (Deep Elf Conjurer)      Turns: 13621, Time: 00:36:12

Health: -9/54      AC:  8    Str:  4    XL:     11   Next: 36%
Magic:  4/28       EV: 16    Int: 28    God:    Vehumet [*.....]
Gold:   764        SH:  5    Dex: 13    Spells: 16/32 levels left

rFire   + . .      SeeInvis .   G - +2 dagger (chaos)
rCold   . . .      Faith    .   (no shield)
rNeg    . . .      Spirit   .   z - +0 steam dragon scales
rPois   .          Reflect  +   (no helmet)
rElec   .          Harm     .   p - +0 cloak
rCorr   .          Rampage  .   A - +0 pair of gloves
Will    +....                   r - +0 pair of boots
Stlth   ++........              i - amulet of reflection
HPRegen 0.18/turn               D - ring of protection from fire
MPRegen 0.21/turn               (no ring)

@: about to teleport
A: no striking features
a: Renounce Religion


You were on level 1 of the Lair of Beasts.
You worshipped Vehumet.
Vehumet was aware of your devotion.
You visited 3 branches of the dungeon, and saw 13 of its levels.
You also visited: Sewer.

You collected 764 gold pieces.

Inventory:

Hand Weapons
 B - the +4 whip of Infinite Pain {vorpal, Fragile rF+ Str+5}
   (You found it on level 7 of the Dungeon)

   It inflicts extra damage upon your enemies.
   Str:       It affects your strength (+5).
   rF:        It protects you from fire.
   Fragile:   It will be destroyed if unequipped.
 G - a +2 dagger of chaos (weapon)
Missiles
 k - 2 throwing nets
Armour
 p - a +0 cloak (worn)
 r - a +0 pair of boots (worn)
 z - +0 steam dragon scales (worn)
 A - a +0 pair of gloves (worn)
Jewellery
 i - an amulet of reflection (around neck)
 D - a ring of protection from fire (left hand)
 F - a +6 ring of dexterity
Wands
 a - a wand of light (14)
 m - a wand of polymorph (7)
 q - a wand of flame (6)
 w - a wand of mindburst (39)
Scrolls
 g - a scroll of enchant weapon
 h - a scroll of enchant armour
 j - 2 scrolls of fog
 l - 10 scrolls of teleportation
Potions
 c - a potion of cancellation
 d - 4 potions of lignification
 e - 3 potions of attraction
 f - 3 potions of resistance
 n - 7 potions of curing
 o - a potion of mutation {unknown}
 s - 2 potions of might {unknown}
 t - a potion of berserk rage
 u - a potion of flight
 v - a potion of invisibility
 x - 3 potions of heal wounds
 C - a potion of ambrosia
 E - a potion of brilliance


   Skills:
 * Level 10.1 Dodging
 - Level 2.8 Stealth
 * Level 11.2 Spellcasting
 * Level 10.4 Conjurations
 - Level 7.3 Hexes
 - Level 6.0 Translocations
 * Level 1.3 Air Magic
 * Level 7.4 Earth Magic


You had 16 spell levels left.
You knew the following spells:

 Your Spells              Type           Power      Damage    Failure   Level
a - Magic Dart            Conj           100%       1d8       1%          1
c - Fulminant Prism       Conj/Hex       30%        3d16      1%          4
s - Lightning Bolt        Conj/Air       24%        1d39      9%          5
x - Iskenderun's Mystic   Conj/Tloc      58%        2d12      1%          4
z - Searing Ray           Conj           100%       2d8       1%          2

Your spell library contained the following spells:

 Spells                   Type           Power      Damage    Failure   Level
 Shock                    Conj/Air       100%       1d9       1%          1
 Blink                    Tloc           98%        N/A       1%          2
 Static Discharge         Conj/Air       48%        3-9/arc   1%          2
 Dazzling Flash           Conj/Hex       100%       N/A       1%          3
 Passage of Golubria      Tloc           49%        N/A       3%          4
 Animate Armour           Summ/Erth      72%        N/A       8%          4
 Petrify                  Tmut/Erth      36%        N/A       8%          4
 Manifold Assault         Tloc           49%        N/A       9%          5
 Ozocubu's Armour         Ice            15%        N/A       11%         3
 Metabolic Englaciation   Hex/Ice        18%        N/A       22%         5
 Simulacrum               Ice/Necr       7%         N/A       99%         6
 Lehudib's Crystal Spear  Conj/Erth      30%        10d8      99%         8
 Storm Form               Tmut/Air       9%         N/A       100%        7
 Maxwell's Capacitive Co  Air            11%        ∞         100%        8


Dungeon Overview and Level Annotations

Branches:
Dungeon (11/15)            Temple (1/1) D:5            Lair (1/5) D:9
    Orc (0/2) D:10          Sewer (visited)

Altars:
Ashenzari
Cheibriados
Dithmenos
Elyvilon
Fedhas
Gozag
Hepliaklqana
Kikubaaqudgha
Makhleb
Nemelex Xobeh
Okawaru
Qazlal
Ru
Sif Muna
Trog
Uskayaw
Vehumet
Wu Jian
Xom
Yredelemnul
Zin
The Shining One

Shops:
D:1 (   D:6 (   D:8 ?

Annotations:
D:11 Urug


Message History

Confirm with . or Enter, or press ? or * to list all spells.
You erupt in a blast of force!
The mystic blast hits the yak!
You kill the yak!
Vehumet accepts your kill.
Casting: Iskenderun's Mystic Blast (dangerous; 1% risk of failure)
Confirm with . or Enter, or press ? or * to list all spells.
You erupt in a blast of force!
The mystic blast hits the death yak!
The death yak is heavily wounded.
The death yak is knocked back by the mystic blast.
Casting: Iskenderun's Mystic Blast (dangerous; 1% risk of failure)
Confirm with . or Enter, or press ? or * to list all spells.
You erupt in a blast of force!
The mystic blast hits the death yak.
The death yak is heavily wounded.
The death yak is knocked back by the mystic blast.
Casting: Iskenderun's Mystic Blast (dangerous; 1% risk of failure)
Confirm with . or Enter, or press ? or * to list all spells.
Aiming: Fulminant Prism (dangerous; 1% risk of failure)
Press: ? - help, Dir - move target You conjure a prism of explosive energy!
A fulminant prism comes into view.
Your fulminant prism crackles loudly.
You see here a yak corpse.
Your fulminant prism explodes!
The blast of energy engulfs the death yak!
The death yak is severely wounded.
The blast of energy engulfs the death yak!!
The death yak is severely wounded.
You hear a bellow!
You see here a yak corpse.
Casting: Fulminant Prism (dangerous; 1% risk of failure)
Confirm with . or Enter, or press ? or * to list all spells.
You erupt in a blast of force!
The mystic blast hits the death yak!
The death yak is almost dead.
A death yak comes into view.
The death yak attacks as you move away! The death yak gores you!
As you read the scroll of teleportation, it crumbles to dust.
You feel strangely unstable. The death yak gores you!!
* * * LOW HITPOINT WARNING * * *
The death yak attacks as you move away! The death yak gores you!!
You die...

. #....###........ #. ##
##...#.......##. #.##.###
##......#....####
#......###......#.##### #
####............#...## ##
##...........#........### #.
#.....##.....#.......##.####.
#...##.......#.#....#...##..
#####...#....##@........#....#..
.........#....YY.............###
#......................(....#..
#..............#...#<.....#...
#........................#..#.
#####.####.........#....##.##.
##..###Y..†....####...#.....
###.#....#.†....#####.##...#..
#............######.⌠.##..##.⌠


You could see 3 death yaks.

Vanquished Creatures
  Pikel (D:7)
  A torpor snail (Lair:1)
  2 cane toads (Lair:1)
  Psyche (D:9)
  2 komodo dragons
  A troll (D:10)
  A hornet (D:9)
  A shadow (D:10)
  21 yaks
  2 wyverns
  A steam dragon (D:6)
  Edmund (D:6)
  5 water moccasins
  3 orc warriors
  A black bear (D:6)
  Pargi (Sewer)
  A sky beast (D:7)
  An ice beast (D:3)
  4 ogres
  3 centaurs
  2 lemures (D:7)
  A kobold brigand (D:5)
  4 bullfrogs
  3 necrophages
  5 wights (D:9)
  13 killer bees
  6 howler monkeys
  4 jellies
  2 orc priests (D:9)
  4 hounds
  2 iguanas (D:5)
  6 orc wizards
  5 adders
  2 white imps (D:7)
  An ufetubus (D:6)
  2 worms (D:2)
  4 dart slugs
  22 orcs
  9 ball pythons
  3 endoplasms
  4 giant cockroaches
  11 hobgoblins
  3 quokkas
  8 bats
  9 frilled lizards
  11 goblins
  11 kobolds
  10 rats
221 creatures vanquished.

Vanquished Creatures (collateral kills)
  A komodo dragon (Lair:1)
1 creature vanquished.

Vanquished Creatures (others)
  63 fulminant prisms
  6 fungi (Lair:1)
  20 plants
89 creatures vanquished.

Grand Total: 311 creatures vanquished

Notes
Turn   | Place    | Note
-------+----------+-------------------------------------------
     0 | D:1      | imdaedric the Deep Elf Conjurer began the quest for the
                  | Orb.
     0 | D:1      | Reached XP level 1. HP: 10/10 MP: 6/6
   219 | D:1      | Reached XP level 2. HP: 15/15 MP: 4/8
   386 | D:1      | Reached skill level 5 in Conjurations
   553 | D:1      | Found Fahirgh's Antique Weapon Emporium.
   635 | D:1      | Learned a level 2 spell: Searing Ray
   671 | D:1      | Got the Omnibus of Non-Euclidean Minerals
   915 | D:2      | Reached XP level 3. HP: 19/19 MP: 6/9
  1959 | D:3      | Reached skill level 1 in Hexes
  2010 | D:3      | Noticed an ice beast
  2015 | D:3      | Killed an ice beast
  2016 | D:3      | Reached skill level 4 in Spellcasting
  2016 | D:3      | Reached skill level 1 in Translocations
  2016 | D:3      | Reached XP level 4. HP: 24/24 MP: 4/12
  2016 | D:3      | Reached XP level 5. HP: 28/28 MP: 4/13
  2021 | D:3      | Learned a level 4 spell: Iskenderun's Mystic Blast
  2026 | D:3      | Learned a level 4 spell: Fulminant Prism
  2340 | D:3      | Found a faded altar of an unknown god.
  3202 | D:4      | Reached XP level 6. HP: 32/32 MP: 8/15
  3790 | D:5      | Entered Level 5 of the Dungeon
  3804 | D:5      | Reached skill level 5 in Spellcasting
  3804 | D:5      | Reached skill level 1 in Earth Magic
  3960 | D:5      | Noticed a water moccasin
  4180 | D:5      | Killed a water moccasin
  4181 | D:5      | Reached XP level 7. HP: 33/36 MP: 8/17
  4329 | D:5      | Found a glowing drain.
  4342 | Sewer    | Entered a sewer
  4424 | Sewer    | Noticed Pargi
  4433 | Sewer    | Killed Pargi
  5183 | D:5      | Found a staircase to the Ecumenical Temple.
  5195 | Temple   | Entered the Ecumenical Temple
  5662 | D:6      | Found Puraec's Weapon Shop.
  5677 | D:6      | Noticed a steam dragon
  5692 | D:6      | Killed a steam dragon
  5693 | D:6      | Reached skill level 5 in Dodging
  5693 | D:6      | Reached skill level 6 in Spellcasting
  5696 | D:6      | Reached XP level 8. HP: 41/41 MP: 3/19
  6495 | D:6      | Noticed Edmund
  6502 | D:6      | Killed Edmund
  6503 | D:6      | Reached skill level 5 in Hexes
  7185 | D:7      | Reached skill level 7 in Spellcasting
  7595 | D:7      | Noticed Pikel
  7879 | D:7      | You fall into a shaft and drop 2 floors!
  7929 | D:9      | Reached XP level 9. HP: 45/45 MP: 14/21
  7934 | D:9      | Reached skill level 5 in Translocations
  8474 | D:7      | Identified the +4 whip of Infinite Pain {vorpal, Fragile
                  | rF+ Str+5}
  8489 | D:7      | Killed Pikel
  8490 | D:7      | Reached skill level 8 in Spellcasting
  9099 | D:8      | Found Odeokaus's Magic Scroll Boutique.
 10141 | D:9      | Found a staircase to the Lair.
 10177 | D:9      | Reached XP level 10. HP: 50/50 MP: 13/24
 10281 | D:9      | Found a hazy altar of Hepliaklqana.
 10296 | D:9      | Found a transporter.
 10321 | D:9      | Found a transporter.
 10347 | D:9      | Found a transporter.
 10407 | D:9      | Found a sparkling altar of Nemelex Xobeh.
 10408 | D:9      | Found a broken altar of Ashenzari.
 10431 | D:9      | Found a radiant altar of Vehumet.
 10569 | D:9      | Reached skill level 9 in Spellcasting
 10584 | D:9      | Reached skill level 5 in Earth Magic
 11001 | D:9      | Found a transporter.
 11115 | D:9      | Found a sacrificial altar of Ru.
 11130 | D:9      | Noticed Psyche
 11135 | D:9      | Killed Psyche
 11217 | D:10     | Entered Level 10 of the Dungeon
 11231 | D:9      | Became a worshipper of Vehumet
 11499 | D:10     | Reached skill level 10 in Spellcasting
 11672 | D:10     | Found a staircase to the Orcish Mines.
 12516 | D:11     | Noticed Urug
 12568 | Lair:1   | Entered Level 1 of the Lair of Beasts
 12618 | Lair:1   | Reached skill level 10 in Conjurations
 12618 | Lair:1   | Reached XP level 11. HP: 54/54 MP: 1/27
 13133 | Lair:1   | Reached * piety under Vehumet
 13133 | Lair:1   | Offered knowledge of Shock by Vehumet.
 13139 | Lair:1   | Reached skill level 11 in Spellcasting
 13309 | Lair:1   | Learned a level 5 spell: Lightning Bolt
 13417 | Lair:1   | Reached skill level 10 in Dodging
 13435 | Lair:1   | Reached skill level 1 in Air Magic
 13596 | Lair:1   | Noticed a death yak
 13597 | Lair:1   | Noticed a death yak
 13613 | Lair:1   | Noticed a death yak
 13621 | Lair:1   | Mangled by a death yak

Illustrated notes

Levels and vault maps discovered:
D:1:      minmay_arrival_semitransparent, layout_basic, serial_shops,
          nicolae_shop_crystal, serial_bayou_crossing
D:2:      layout_loops_cross
D:3:      minmay_evil_eye, layout_basic, basic_ecumenical_altar,
          grunt_ministairs_9
D:4:      layout_rooms, nicolae_eternal_life, minmay_misc_feat_roman,
          minmay_quadrilaterals
D:5:      layout_loops_cross, temple_hall, cheibrodos_sewer_entry_drain,
          lexackson_kobold_supper
D:6:      layout_gridville, serial_shops, nicolae_shop_bloodbath_and_beyond,
          uniq_edmund
D:7:      layout_rooms, minmay_between, uniq_pikel
D:8:      layout_cave_pools, serial_shops, shop_scrolls
D:9:      layout_irregular_city, nicolae_overflow_hidden_temple,
          lair_entry_dummy, nicolae_transporter_intersection, uniq_psyche
D:10:     layout_irregular_city, orc_0_dummy
D:11:     layout_rooms, uniq_urug
Temple:   minmay_temple_bridge_d
Lair:1:   layout_misc_corridors, grunt_forest_stairs_basic, grunt_megastairs_2

Skill      XL: |  1  2  3  4  5  6  7  8  9 10 11 |
---------------+----------------------------------+-----
Conjurations   | 5 6 7 8 10 | 10.4
Hexes          | 1 2 3 4 6 7 |  7.3
Dodging        | 3 4 5 6 7 9 10 | 10.1
Spellcasting   | 4 5 6 7 8 10 11 | 11.2
Translocations | 1 2 3 4 6 |  6.0
Earth Magic    | 1 2 3 4 6 7 |  7.4
Air Magic      | 1 |  1.3
Stealth        | |  2.8

Action                   |  1- 3 |  4- 6 |  7- 9 | 10-12 || total
-------------------------+-------+-------+-------+-------++-------
Melee: Dagger            |       |     8 |     2 |     7 ||    17
 Cast: Magic Dart        |    65 |    62 |    65 |    11 ||   203
       Searing Ray       |     6 |    17 |    50 |    39 ||   112
       Fulminant Prism   |       |     3 |    31 |    29 ||    63
       Iskenderun's Myst |       |       |    13 |    33 ||    46
Evoke: Wand              |       |       |     1 |       ||     1
  Use: Scroll            |     1 |     7 |    10 |     6 ||    24
       Potion            |       |       |     2 |     1 ||     3
Armor: Robe              |     2 |     8 |     2 |       ||    12
       Steam dragon scal |       |       |     9 |     7 ||    16
Dodge: Dodged            |     2 |    30 |    36 |    42 ||   110
Block: Other             |       |    12 |    14 |    23 ||    49
       Reflection        |       |     2 |     2 |     1 ||     5
